 Dungeon Crawl Stone Soup version 0.29.0-15-g675c0067aa (webtiles) character file.

Game seed: 4931785384995175129

170726 concernfroge the Peltast (level 17, -7/128 HPs)
             Began as a Mummy Monk on Sept 11, 2022.
             Was an Initiate of Gozag.
             Mangled by an entropy weaver (12 damage)
             ... on level 2 of the Lair of Beasts.
             The game lasted 02:32:56 (38004 turns).

concernfroge the Peltast (Mummy Monk)              Turns: 38004, Time: 02:32:58

Health: -7/128     AC: 12    Str: 21    XL:     17   Next: 13%
Magic:  17/17      EV:  5    Int:  9    God:    Gozag
Gold:   302        SH:  0    Dex: 16    Spells: 16/16 levels left

rFire   . . .      SeeInvis .   b - +5 morningstar (vamp)
rCold   + . .      Faith    .   k - +0 tower shield
rNeg    + + +      Spirit   .   H - +2 plate armour {rC+}
rPois   ∞          Reflect  .   i - +2 helmet
rElec   .          Harm     .   D - +2 cloak {Stlth+}
rCorr   +          Rampage  .   K - +1 pair of gloves
Will    ++...                   E - +1 pair of boots
Stlth   ..........              u - amulet of regeneration
HPRegen 1.11/turn               G - ring of resist corrosion
MPRegen 0.15/turn               l - ring of fire

@: corroded, held
A: cold resistance 1, negative energy resistance 3, torment resistance 2, heat
vulnerability 1, in touch with death 2, no potions
}: 1/15 runes: barnacled
a: Renounce Religion, Potion Petition, Call Merchant, Bribe Branch


You were on level 2 of the Lair of Beasts.
You worshipped Gozag.
Gozag was aware of your devotion.
You visited 6 branches of the dungeon, and saw 28 of its levels.
You also visited: Ice Cave.

You collected 9793 gold pieces.
You spent 301 gold pieces at shops.
You paid 9190 gold pieces to Gozag.

Inventory:

Hand Weapons
 a - the +11 whip of Wu Jian's Condemnation {antimagic, rN+}
   (You found it on level 2 of the Dungeon)

   It reduces the magical energy of the wielder, and disrupts the spells and
   magical abilities of those it strikes.
   Natural abilities and divine invocations are not affected.
   rN:        It protects you from negative energy.
 b - a +5 vampiric morningstar (weapon)
Missiles
 f - a boomerang of dispersal
 n - 13 silver javelins
 s - 18 boomerangs
 x - 5 javelins (quivered)
 J - 16 poisoned darts
Armour
 i - a +2 helmet (worn)
 k - a +0 tower shield (worn)
 D - a +2 cloak of stealth (worn)
 E - a +1 pair of boots (worn)
 H - a +2 plate armour of cold resistance (worn)
 K - a +1 pair of gloves (worn)
Jewellery
 g - an amulet of reflection
 h - an amulet of the acrobat
 l - a ring of fire (right hand)
 u - an amulet of regeneration (around neck)
 v - a ring of willpower
 F - a ring of protection from cold
 G - a ring of resist corrosion (left hand)
 I - the amulet of the Air {Inacc Air Fly rElec RMsl}
   (You found it in an ice cave)

   [amulet of nothing]

   It reduces the accuracy of all your attacks.
   It enhances your air magic.
   rElec:     It insulates you from electricity.
   Fly:       It grants you flight.
   RMsl:      It protects you from missiles.
Wands
 j - a wand of digging (12)
 q - a wand of flame (34)
Scrolls
 m - a scroll of amnesia
 o - 23 scrolls of identify
 r - 7 scrolls of fog
 w - 4 scrolls of vulnerability
 y - 2 scrolls of immolation
 z - a scroll of silence
 C - 3 scrolls of noise
Miscellaneous
 d - a phantom mirror (inert)
 e - a phial of floods (inert)
 p - a lightning rod (inert)
 t - a piece from Xom's chessboard (11/15)
 A - a tin of tremorstones (inert)
 B - a box of beasts (inert)


   Skills:
 - Level 10.0 Fighting
 - Level 12.0 Maces & Flails
 - Level 2.4 Polearms
 + Level 7.3 Throwing
 - Level 10.0 Armour
 - Level 10.0 Dodging
 - Level 1.5 Stealth
 - Level 15.6 Shields
 - Level 10.0 Evocations


You had 16 spell levels left.
You didn't know any spells.
Your spell library contained the following spells:

 Spells                   Type           Power      Damage    Failure   Level
 Apportation              Tloc           0%         N/A       100%        1
 Foxfire                  Conj/Fire      0%         2x1d4     100%        1
 Necrotise                Necr           0%         1d4       100%        1
 Sting                    Tmut/Pois      0%         1d3       100%        1
 Summon Small Mammal      Summ           0%         N/A       100%        1
 Blink                    Tloc           0%         N/A       100%        2
 Ensorcelled Hibernation  Hex/Ice        0%         N/A       100%        2
 Conjure Flame            Conj/Fire      0%         6-21      100%        3
 Gell's Gravitas          Tloc           0%         N/A       100%        3
 Ignite Poison            Fire/Tmut/Pois 0%         N/A       100%        3
 Inner Flame              Hex/Fire       0%         N/A       100%        3
 Lesser Beckoning         Tloc           0%         N/A       100%        3
 Ozocubu's Armour         Ice            0%         N/A       100%        3
 Teleport Other           Tloc           0%         N/A       100%        3
 Anguish                  Hex/Necr       0%         N/A       100%        4
 Animate Armour           Summ/Erth      0%         N/A       100%        4
 Cause Fear               Hex            0%         N/A       100%        4
 Flame Wave               Conj/Fire      0%         2d4       100%        4
 Petrify                  Tmut/Erth      0%         N/A       100%        4
 Sticky Flame             Conj/Fire      0%         2d3       100%        4
 Summon Lightning Spire   Summ/Air       0%         N/A       100%        4
 Alistair's Intoxication  Tmut/Pois      0%         N/A       100%        5
 Borgnjor's Vile Clutch   Necr/Erth      0%         N/A       100%        5
 Irradiate                Conj/Tmut      0%         3d11      100%        5
 Manifold Assault         Tloc           0%         N/A       100%        5
 Death Channel            Necr           0%         N/A       100%        6
 Eringya's Noxious Bog    Tmut/Pois      0%         N/A       100%        6
 Iron Shot                Conj/Erth      0%         9d1       100%        6
 Malign Gateway           Summ/Tloc      0%         N/A       100%        7
 Ozocubu's Refrigeration  Ice            0%         4d7       100%        7
 Maxwell's Capacitive Co  Air            0%         ∞         100%        8
 Summon Horrible Things   Summ           0%         N/A       100%        8
 Dragon's Call            Summ           0%         N/A       100%        9
 Beastly Appendage        Tmut           Unusable   N/A       N/A         1
 Sublimation of Blood     Necr           Unusable   N/A       N/A         2
 Spider Form              Tmut/Pois      Unusable   N/A       N/A         3
 Animate Dead             Necr           Unusable   N/A       N/A         4
 Ice Form                 Ice/Tmut       Unusable   N/A       N/A         4
 Blade Hands              Tmut           Unusable   N/A       N/A         5
 Statue Form              Tmut/Erth      Unusable   N/A       N/A         6
 Dragon Form              Tmut           Unusable   N/A       N/A         7
 Storm Form               Tmut/Air       Unusable   N/A       N/A         7

Dungeon Overview and Level Annotations

Branches:
Dungeon (15/15)            Temple (1/1) D:6            Lair (5/5) D:11
 Shoals (4/4) Lair:2       Spider (1/4) Lair:2        Slime (0/5) Lair:5
    Orc (2/2) D:12            Elf (0/3) Orc:2        Vaults (0/5) D:14
 Depths (0/4) D:15          IceCv (visited)

Altars:
Ashenzari
Cheibriados
Dithmenos
Fedhas
Gozag
Hepliaklqana
Kikubaaqudgha
Makhleb
Nemelex Xobeh
Okawaru
Qazlal
Ru
Sif Muna
Trog
Uskayaw
Vehumet
Wu Jian
Xom
Yredelemnul

Shops:
D:3 !   Orc:2 [![*

Annotations:
Shoals:2 Ilsuiw
Spider:1 2 transporters, ChongLi's ghost, adept DsGl


Innate Abilities, Weirdness & Mutations

You are immune to poison.
Your flesh is cold resistant. (rC+)
You are immune to negative energy. (rN+++)
You are immune to unholy pain and torment.
You are vulnerable to heat. (rF-)
You are strongly in touch with the powers of death.
You do not drink.


Message History

You hit the entropy weaver but do no damage.
The entropy weaver is lightly wounded.
The jumping spider pounces on you! You block the jumping spider's attack.
You block the entropy weaver's attack.
The entropy weaver hits you but does no damage.
The entropy weaver closely misses you. The entropy weaver hits you.
You hit the entropy weaver but do no damage.
The entropy weaver is lightly wounded.
The jumping spider pounces on you!
* * * LOW HITPOINT WARNING * * *
You are caught in a web!
The jumping spider bites you but does no damage.
The entropy weaver hits you.
* * * LOW HITPOINT WARNING * * *
The entropy weaver hits you but does no damage. x2
The entropy weaver hits you.
* * * LOW HITPOINT WARNING * * *
The jumping spider pounces on you but does no damage.
The jumping spider bites you but does no damage.
The entropy weaver hits you but does no damage.
The entropy weaver hits you!
* * * LOW HITPOINT WARNING * * *
The entropy weaver hits you.
* * * LOW HITPOINT WARNING * * *
The entropy weaver hits you.
* * * LOW HITPOINT WARNING * * *
Okay, then.
Aiming: Dig
Press: ? - help, Shift-Dir - straight line You can't see that place. [a rock wall.]
The rock shatters into small pieces.
The jumping spider closely misses you. The jumping spider bites you.
* * * LOW HITPOINT WARNING * * *
The entropy weaver hits you.
* * * LOW HITPOINT WARNING * * *
The entropy weaver hits you but does no damage.
The entropy weaver hits you!
You die...
Your body crumbles into a pile of gold.

#P......#...#..>...
##......#.##..(..##
#.>..#..........#.
#.#...............
#.#............##.
#.#..............#
#.##P#)#........##
#B####..#.........
#@.......##P##....
#s#....########...
#.#.......##.P#.##
###=...........###
#P##.####....###
#########.....##
###P#.....#.
#.........#.
#........#..


You could see an entropy weaver and a jumping spider.

Vanquished Creatures
  Bai Suzhen (Shoals:4)
  Roxanne (D:15)
  A reaper (IceCv)
  A broodmother (Lair:2)
  5 merfolk javelineers
  Fannar (D:12)
  7 merfolk impalers
  A great orb of eyes (Shoals:1)
  3 vault guards (D:14)
  5 boulder beetles
  6 hydras
  2 merfolk avatars
  2 ogre magi (D:15)
  10 two-headed ogres
  5 centaur warriors
  A merfolk aquamancer (Shoals:3)
  11 death yaks (Lair:5)
  7 orc high priests
  A skeletal warrior (D:15)
  Sonja (Lair:4)
  A pharaoh ant (Lair:2)
  5 sea snakes
  3 orb spiders (Spider:1)
  4 lindwurms (Lair:2)
  2 deep elf pyromancers (D:15)
  3 harpies
  4 necromancers (D:14)
  4 orc knights
  Pikel (D:8)
  A wizard (D:15)
  12 ugly things
  A wolf spider (Lair:2)
  An oklob plant (Lair:3)
  6 cyclopes
  9 fauns (Shoals:1)
  An orc sorcerer (Orc:2)
  6 manticores
  2 black mambas
  9 elephants
  An ice statue (IceCv)
  Maurice (Orc:1)
  An eye of devastation (D:12)
  10 merfolk sirens
  A torpor snail (Lair:5)
  17 cane toads
  2 gargoyles
  A water nymph (Shoals:4)
  Maggie (D:9)
  A demonic crawler (Lair:2)
  7 komodo dragons
  An anaconda simulacrum (IceCv)
  2 kobold demonologists
  2 rime drakes
  A komodo dragon (shapeshifter) (D:14)
  2 freezing wraiths
  A tengu conjurer (D:15)
  5 wind drakes
  3 meliai (D:14)
  2 polar bears
  6 merfolk
  7 trolls
  A wolf spider simulacrum (D:13)
  2 hornets
  39 blink frogs
  7 snapping turtles
  2 tarantellas
  7 dream sheep
  14 slime creatures
  2 jumping spiders (Spider:1)
  3 shadows
  7 wraiths
  6 water elementals
  3 culicivoras (Spider:1)
  2 dire elephant simulacra (IceCv)
  40 yaks
  5 wyverns
  17 humans (D:14)
  4 basilisks
  A vampire mosquito (D:12)
  2 death yak simulacra (IceCv)
  15 redbacks
  7 wargs
  2 acid dragons
  A hydra simulacrum (IceCv)
  14 water moccasins
  A meliai simulacrum (D:14)
  2 black bears
  A swamp drake (D:11)
  14 orc warriors
  2 ice beasts
  10 ogres
  5 wolves
  The ghost of Lynora the Conjurer, an amateur DgCj (D:3)
  5 boggarts (D:14)
  12 centaurs
  2 kobold brigands
  12 bullfrogs
  A gnoll sergeant (D:8)
  3 scorpions
  A necrophage (D:4)
  11 two-headed ogre simulacra
  11 wights
  An elephant simulacrum (IceCv)
  5 killer bees (D:8)
  5 electric eels
  3 howler monkeys
  4 quasits (D:3)
  2 hounds
  A gnoll bouda (D:9)
  4 jellies
  33 orc priests
  3 iguanas
  15 orc wizards
  6 troll simulacra
  2 yak simulacra (D:14)
  6 spriggan simulacra (IceCv)
  8 polar bear simulacra
  4 wolf simulacra
  3 gnolls (D:8)
  5 naga simulacra (IceCv)
  8 adders
  A shadow imp (D:8)
  8 white imps
  5 ufetubi
  A worm (D:3)
  A dart slug (D:3)
  74 orcs
  5 endoplasms
  3 giant cockroaches
  8 goblins
  7 hobgoblins
  23 kobolds
  7 ball pythons
  8 bats
  5 frilled lizards
  4 rats
  4 river rat simulacra (D:14)
801 creatures vanquished.

Vanquished Creatures (collateral kills)
  A kraken (Shoals:1)
  Donald (Shoals:1)
  A fire giant (D:15)
  A dire elephant (Lair:5)
  An alligator snapping turtle (Shoals:3)
  A merfolk avatar (Shoals:3)
  A centaur warrior (Shoals:1)
  A two-headed ogre (D:15)
  An orc high priest (Orc:2)
  3 sea snakes
  7 harpies
  3 manticores
  11 fauns
  4 merfolk sirens
  An apocalypse crab (Shoals:1)
  3 elephants (Lair:1)
  2 water nymphs
  A cane toad (Lair:1)
  A wind drake (Shoals:2)
  A tarantella (Spider:1)
  3 merfolk
  A snapping turtle (Shoals:2)
  A blink frog (Lair:5)
  A culicivora (Spider:1)
  A water elemental (Shoals:4)
  2 yaks (Lair:5)
  2 redbacks (Spider:1)
  An orc priest (Orc:2)
  A tentacle (Shoals:1)
59 creatures vanquished.

Vanquished Creatures (others)
  A tentacled monstrosity (Shoals:4)
  Jorgrun (Shoals:1)
  2 merfolk javelineers
  A two-headed ogre (D:15)
  A merfolk aquamancer (Shoals:4)
  3 harpies (Shoals:2)
  A faun (Shoals:2)
  A manticore (Shoals:4)
  A cyclops (Shoals:1)
  2 merfolk sirens
  A wind drake (Shoals:3)
  5 merfolk
  A dream sheep (Shoals:1)
  A snapping turtle (Shoals:1)
  An orc (Orc:2)
  27 fungi
  163 plants
  14 tentacles (Shoals:1)
227 creatures vanquished.

Grand Total: 1087 creatures vanquished

Notes
Turn   | Place    | Note
-------+----------+-------------------------------------------
     0 | D:1      | concernfroge the Mummy Monk began the quest for the Orb.
     0 | D:1      | Reached XP level 1. HP: 18/18 MP: 1/1
   263 | D:1      | Reached XP level 2. HP: 23/24 MP: 2/2
   697 | D:2      | Identified the +3 quarterstaff "Hydrabane" {drain, rC+
                  | Str+3}
   784 | D:2      | Identified the +11 whip of Wu Jian's Condemnation
                  | {antimagic, rN+}
   822 | D:2      | Found a faded altar of an unknown god.
  1063 | D:2      | Gained mutation: You are in touch with the powers of death.
                  | [Mummy growth]
  1063 | D:2      | Reached XP level 3. HP: 30/30 MP: 1/3
  1727 | D:3      | Found a transporter.
  1734 | D:3      | Noticed Lynora's ghost (amateur DgCj)
  1912 | D:3      | Found a transporter.
  2157 | D:3      | Found Coruwn's Distillery.
  2382 | D:3      | Killed Lynora's ghost
  2383 | D:3      | Reached XP level 4. HP: 38/41 MP: 1/4
  2383 | D:3      | Reached XP level 5. HP: 43/47 MP: 1/5
  2383 | D:3      | Reached XP level 6. HP: 49/53 MP: 2/6
  3114 | D:4      | Reached XP level 7. HP: 62/62 MP: 2/7
  3339 | D:5      | Entered Level 5 of the Dungeon
  3862 | D:6      | Reached XP level 8. HP: 54/72 MP: 2/8
  3902 | D:6      | Reached skill level 10 in Fighting
  3902 | D:6      | Reached skill level 1 in Maces & Flails
  3996 | D:6      | Found a staircase to the Ecumenical Temple.
  4006 | Temple   | Entered the Ecumenical Temple
  4229 | Temple   | Became a worshipper of Gozag Ym Sagoz the Greedy
  4725 | D:7      | You fall into a shaft and drop 1 floor!
  5073 | D:7      | Identified the +1 scale mail "Ybipivex" {+Inv Dex+4}
  5276 | D:7      | Reached skill level 5 in Maces & Flails
  5641 | D:8      | Reached XP level 9. HP: 78/78 MP: 3/9
  6530 | D:9      | Noticed Maggie
  6538 | D:9      | Killed Maggie
  6539 | D:9      | Reached XP level 10. HP: 42/85 MP: 3/10
  6708 | D:9      | Noticed a gargoyle
  6723 | D:9      | Killed a gargoyle
  6738 | D:8      | Reached skill level 10 in Maces & Flails
  6811 | D:9      | Noticed Pikel
  6831 | D:8      | Killed Pikel
  7209 | D:9      | Identified the +0 leather armour of the Hills {rN+ Int+2}
  7559 | D:10     | Entered Level 10 of the Dungeon
  8180 | D:10     | Reached XP level 11. HP: 66/90 MP: 3/11
  8319 | D:10     | Noticed a two-headed ogre
  8334 | D:10     | Killed a two-headed ogre
  8413 | D:10     | Found an ornate altar of the Wu Jian Council.
  8686 | D:11     | Found a frozen archway.
  8724 | IceCv    | Entered an ice cave
  9505 | IceCv    | Reached skill level 5 in Dodging
  9579 | IceCv    | Noticed a reaper
  9583 | IceCv    | Killed a reaper
  9611 | IceCv    | Found the amulet of the Air {Inacc Air Fly rElec RMsl}
 10706 | D:11     | Found a staircase to the Lair.
 10810 | D:11     | Found a stormy altar of Qazlal.
 11432 | Lair:1   | Entered Level 1 of the Lair of Beasts
 11566 | Lair:1   | Noticed a boulder beetle
 11589 | Lair:1   | Killed a boulder beetle
 11640 | Lair:1   | Reached XP level 12. HP: 33/97 MP: 4/12
 12219 | Lair:1   | Reached skill level 10 in Dodging
 12228 | Lair:1   | Reached skill level 1 in Shields
 12322 | Lair:1   | Reached skill level 2 in Shields
 12588 | Lair:2   | Found a staircase to the Shoals.
 12722 | Lair:2   | Reached skill level 3 in Shields
 12845 | Lair:2   | Found a hole to the Spider Nest.
 13556 | Lair:2   | Reached skill level 4 in Shields
 13565 | Lair:2   | HP: 3/97 [lindwurm (10)]
 14029 | Lair:3   | Reached skill level 5 in Shields
 14124 | Lair:3   | Reached skill level 6 in Shields
 14230 | Lair:3   | Reached skill level 7 in Shields
 14442 | Lair:3   | Gained mutation: You are strongly in touch with the powers
                  | of death. [Mummy growth]
 14442 | Lair:3   | Reached XP level 13. HP: 88/103 MP: 4/13
 15228 | Lair:4   | Reached skill level 8 in Shields
 15516 | Lair:4   | Reached skill level 9 in Shields
 15633 | Lair:4   | Noticed Sonja
 15641 | Lair:4   | Killed Sonja
 16255 | Lair:5   | Entered Level 5 of the Lair of Beasts
 16496 | Lair:5   | Reached skill level 10 in Shields
 16552 | Lair:5   | Reached skill level 1 in Armour
 16631 | Lair:5   | Noticed a dire elephant
 16649 | Lair:5   | Killed a dire elephant
 16676 | Lair:5   | Reached skill level 5 in Armour
 16904 | Lair:5   | Reached XP level 14. HP: 110/110 MP: 4/14
 17038 | Lair:5   | Found a staircase to the Slime Pits.
 18430 | D:12     | Noticed Fannar
 18450 | D:12     | Killed Fannar
 18781 | D:12     | Found a staircase to the Orcish Mines.
 19218 | D:12     | Reached skill level 10 in Armour
 19403 | Orc:1    | Entered Level 1 of the Orcish Mines
 19425 | Orc:1    | Found a dark tunnel.
 19814 | Orc:1    | Reached skill level 11 in Shields
 19901 | Orc:1    | Noticed Maurice
 19926 | Orc:1    | Killed Maurice
 20031 | Orc:1    | Found an iron altar of Okawaru.
 20217 | Orc:2    | Entered Level 2 of the Orcish Mines
 21196 | Orc:2    | Reached skill level 12 in Shields
 22222 | Orc:2    | Found Jeogod's Antique Armour Emporium.
 22222 | Orc:2    | Found Viataept's Distillery.
 22427 | Orc:2    | Found Vuududd's Armour Emporium.
 22427 | Orc:2    | Found Mastegaw's Assorted Antiques.
 22464 | Orc:2    | Reached skill level 13 in Shields
 22529 | Orc:2    | Found a staircase to the Elven Halls.
 22787 | Orc:2    | Bought a +0 tower shield for 76 gold pieces
 22935 | Orc:2    | Bought a runed cloak for 225 gold pieces
 23458 | D:13     | Reached XP level 15. HP: 115/115 MP: 5/15
 24508 | D:14     | Reached skill level 14 in Shields
 25195 | D:14     | Found an ornate altar of the Wu Jian Council.
 26321 | D:14     | Reached skill level 15 in Shields
 26344 | D:15     | Entered Level 15 of the Dungeon
 26633 | D:14     | Found a gate to the Vaults.
 27481 | D:15     | Found a blossoming altar of Fedhas.
 27489 | D:15     | Reached skill level 1 in Evocations
 27580 | D:15     | Found a staircase to the Depths.
 27580 | D:15     | Noticed a fire giant
 28164 | D:15     | Identified Roxanne's Guidebook on Forms
 28164 | D:15     | Noticed Roxanne
 28371 | D:15     | Reached skill level 5 in Evocations
 28584 | D:15     | Killed a fire giant
 29071 | D:15     | Killed Roxanne
 29487 | Shoals:1 | Entered Level 1 of the Shoals
 29551 | Shoals:1 | Reached XP level 16. HP: 122/122 MP: 16/16
 30074 | Shoals:1 | Noticed Jorgrun
 30086 | Shoals:1 | Noticed Donald
 30089 | Shoals:1 | Killed Donald
 30309 | Shoals:1 | Noticed a kraken
 30319 | Shoals:1 | Killed a kraken
 30408 | Shoals:1 | Identified the ring "Okhloir" {rElec rF+ rCorr Dex-5}
 30409 | Shoals:1 | Noticed a tentacled monstrosity
 30429 | Shoals:1 | Got the Codex of Mad Ravings
 31004 | Shoals:2 | Noticed Ilsuiw
 32362 | Shoals:4 | Entered Level 4 of the Shoals
 32373 | Shoals:4 | Noticed Bai Suzhen
 32376 | Shoals:4 | Reached skill level 10 in Evocations
 32380 | Shoals:4 | Reached skill level 1 in Throwing
 32386 | Shoals:4 | HP: 6/122 [merfolk javelineer/silver javelin (2)]
 32828 | Shoals:4 | Identified the +5 war axe of Haunted Guile {antimagic,
                  | Stlth+}
 35071 | Shoals:4 | Killed Bai Suzhen
 35072 | Shoals:4 | Reached skill level 5 in Throwing
 35411 | Shoals:4 | Got a barnacled rune of Zot
 36288 | Shoals:1 | Your ally Jorgrun died
 36863 | Spider:1 | Entered Level 1 of the Spider Nest
 36866 | Spider:1 | Reached XP level 17. HP: 128/128 MP: 17/17
 37343 | Spider:1 | Identified the +6 mace "Olieheypp" {vamp, rCorr Int+3 Dex-3
                  | Stlth+}
 37435 | Spider:1 | Found a transporter.
 37444 | Spider:1 | Noticed ChongLi's ghost (adept DsGl)
 37446 | Spider:1 | Found a transporter.
 38004 | Lair:2   | HP: 5/128 [entropy weaver (5)]
 38004 | Lair:2   | Mangled by an entropy weaver

Illustrated notes

Levels and vault maps discovered:
D:1:      psy_arrival_fountain, layout_basic
D:2:      minmay_general_purpose_star, layout_basic,
          dreamdust_ecumenical_altar_grove, dk_vineyard_1,
          hangedman_decor_peaks_small, chequers_big_river, minmay_tiny_reverse_x
D:3:      layout_rooms, serial_shops, nicolae_shop_statue_plus,
          gammafunk_ghost_stat_death, minmay_circle_x
D:4:      layout_loops_ring, roderic_serpentine_path, serial_bayou_lagoon_a
D:5:      layout_rooms
D:6:      layout_loops_ring, temple_green
D:7:      layout_loops_corners
D:8:      layout_loops_ring, serial_glass, glass_columns_a, glass_columns_b,
          dk_noncrumbling_4
D:9:      layout_loops_ring, dreamdust_gnoll_shepherd, uniq_pikel, uniq_maggie
D:10:     layout_loops_ring, gammafunk_temple_overflow_pools, water_maze_lemuel
D:11:     layout_small_grid, erik_lair_dragon,
          portal_ice_cave_entry_ice_simulacra, nicolae_qazlal_eye_of_the_storm
D:12:     layout_loops_ring, orc_0_dummy, minmay_pinched_square, uniq_fannar
D:13:     layout_loops_cross
D:14:     layout_roguey, grunt_vaults_entry_tiered, lemuel_crystal_altar,
          hangedman_decor_diamond_cutter, nicolae_twisting_strands,
          eino_house_with_fridge
D:15:     grunt_enter_depths_giant_problem, layout_irregular_city,
          fedhas_altar_2, minmay_the_grid_square_5x5_3x3_mashed
          [minmay_the_grid_square_5x5_bite, minmay_the_grid_square_5x5_shrine1,
          minmay_the_grid_square_5x5_gyroscope,
          minmay_the_grid_square_5x5_fancy_junction,
          minmay_the_grid_square_5x5_megaprize_hollow,
          minmay_the_grid_square_5x5_doubleslash,
          minmay_the_grid_square_5x5_sharp_hourglass,
          minmay_the_grid_square_5x5_almost_minimal,
          minmay_the_grid_square_5x5_bridge], uniq_roxanne
Temple:   nicolae_temple_bog_church
Lair:1:   layout_loops_ring, st_stairs_11, grunt_megastairs_2
Lair:2:   layout_misc_corridors, minmay_shoals_entry_hut, dummy_spider_entry,
          minmay_lindwurm_lava
Lair:3:   layout_regular_city, serial_bayou_shore_a, infiniplex_staircase_pool,
          grunt_megastairs_5, lemuel_fruit_fields
Lair:4:   layout_regular_city, uniq_sonja
Lair:5:   gammafunk_lair_ancient_temple, layout_regular_city, slime_entry_1
Shoals:1: dreamdust_from_the_deep, layout_shoals, uniq_jorgrun, uniq_donald
Shoals:2: layout_shoals, uniq_ilsuiw
Shoals:3: layout_shoals, nicolae_shoals_dead_sea_scrolls
Shoals:4: shoals_end_simple, layout_shoals, uniq_bai_suzhen
Spider:1: layout_spider_delve, gammafunk_ghost_arena
Orc:1:    layout_caves, nicolae_volcano_entry_two_sided,
          okawaru_metal_pillars_1_2, uniq_maurice
Orc:2:    st_orc_town, layout_diamond_mine, mines1_david

Skill      XL: |  1  2  3  4  5  6  7  8  9 10 11 12 13 14 15 16 17 |
---------------+----------------------------------------------------+-----
Fighting       | 4 6 8 9 10 | 10.0
Maces & Flails | 5 9 11 12 | 12.0
Dodging        | 8 10 | 10.0
Shields        | 7 10 13 15 | 15.6
Armour         | 6 10 | 10.0
Evocations     | 5 10 | 10.0
Throwing       | 6 7 |  7.3
Polearms       | |  2.4
Stealth        | |  1.5

Action                   |  1- 3 |  4- 6 |  7- 9 | 10-12 | 13-15 | 16-18 || total
-------------------------+-------+-------+-------+-------+-------+-------++-------
Melee: Spear             |    47 |       |       |       |       |       ||    47
       Whip              |    63 |    56 |   228 |   873 |  1724 |     8 ||  2952
       Punch             |       |     1 |       |       |       |       ||     1
       Morningstar       |       |       |       |       |   529 |   879 ||  1408
Throw: Dart              |       |       |    14 |    69 |    87 |       ||   170
       Boomerang         |       |       |     6 |    27 |     9 |       ||    42
       Throwing net      |       |       |       |     3 |       |       ||     3
       Javelin           |       |       |       |       |    47 |    12 ||    59
Invok: Potion Petition   |       |       |       |     7 |     5 |     6 ||    18
       Bribe Branch      |       |       |       |       |     1 |       ||     1
Evoke: Wand              |     1 |       |    13 |    16 |    29 |    19 ||    78
       Tin of tremorston |       |       |       |     2 |     5 |     3 ||    10
       Box of beasts     |       |       |       |     2 |     4 |     3 ||     9
       Phial of floods   |       |       |       |       |     5 |     1 ||     6
       Lightning rod     |       |       |       |       |    11 |     9 ||    20
       Phantom mirror    |       |       |       |       |     1 |     3 ||     4
       Piece from Xom's  |       |       |       |       |       |     5 ||     5
  Use: Scroll            |     7 |       |     4 |     9 |    35 |    17 ||    72
 Stab: Sleeping          |     1 |       |       |       |       |       ||     1
       Distracted        |       |       |     2 |     6 |    15 |     7 ||    30
       Confused          |       |       |       |     2 |       |       ||     2
       Held in net/web   |       |       |       |     1 |       |       ||     1
Armor: Ring mail         |     6 |       |       |       |       |       ||     6
       Plate armour      |    72 |    23 |    95 |   316 |   808 |   498 ||  1812
Dodge: Dodged            |    31 |     7 |    43 |   135 |   389 |   290 ||   895
       Repelled          |       |       |       |       |     3 |     7 ||    10
Block: Kite shield       |       |       |    19 |   272 |   594 |       ||   885
       Tower shield      |       |       |       |       |   952 |   983 ||  1935
       Reflection        |       |       |       |       |    48 |       ||    48
